 Dungeon Crawl Stone Soup version 0.31.0-12-g77e489cdc1 (webtiles) character file.

Game seed: 65454847456073847

186 Gadfly the Trooper (level 5, -13/55 HPs)
             Began as an Oni Berserker on Feb 24, 2024.
             Was a Believer of Trog.
             Mangled by an ogre
             ... wielding a +0 giant spiked club
              (14 damage)
             ... on level 4 of the Dungeon.
             The game lasted 00:04:09 (3531 turns).

Gadfly the Trooper (Oni Berserker)                  Turns: 3531, Time: 00:04:09

Health: -13/55     AC:  3    Str: 21    XL:     5   Next: 66%
Magic:  5/5        EV: 10    Int:  8    God:    Trog [**....]
Gold:   186        SH:  0    Dex: 13    Spells: 4/4 levels left

rFire   + + .        j - +1 dagger "Livu" {elec, rF+ rN+ Dex+3}
rCold   . . .        (no shield)
rNeg    + . .        b - +0 animal skin
rPois   .            (helmet restricted)
rElec   .            (no cloak)
rCorr   .            (gloves unavailable)
SInv    .            (boots unavailable)
Will    .....        (no amulet)
Stlth   +            f - ring of protection from fire
HPRegen 0.29/turn    (no ring)
MPRegen 0.09/turn

%: no passive effects
@: no status effects
A: large, unfitting armour, horns 1, tough skin 1, double potion healing,
drunken brawling
a: Renounce Religion, Berserk, Trog's Hand


You were on level 4 of the Dungeon.
You worshipped Trog.
Trog was pleased with you.
You visited 1 branch of the dungeon, and saw 4 of its levels.

You collected 186 gold pieces.

Inventory:

Hand Weapons
 a - a +0 mace
 i - a +0 long sword of flaming
 j - the +1 dagger "Livu" (weapon) {elec, rF+ rN+ Dex+3}
   (You found it on level 4 of the Dungeon)

   Dex+3:     It affects your dexterity (+3).
   rF+:       It protects you from fire.
   rN+:       It protects you from negative energy.
Armour
 b - a +0 animal skin (worn)
Jewellery
 e - a ring of fire
 f - a ring of protection from fire (left hand)
Scrolls
 c - a scroll of poison
 h - a scroll of vulnerability
Potions
 d - a potion of enlightenment {unknown}
 g - a potion of haste


   Skills:
 + Level 4.7 Fighting
 * Level 4.2 Maces & Flails
 * Level 2.2 Armour
 - Level 2.6 Dodging
 * Level 2.0 Evocations


You had 4 spell levels left.
You didn't know any spells.
Your spell library was empty.

Dungeon Overview and Level Annotations

Branches:
Dungeon (4/15)
 Temple: D:4-7

Altars:


Innate Abilities, Weirdness & Mutations

You are too large for most types of armour.
You have a pair of small horns on your head.
You have tough skin. (AC +1)
You gain doubled healing and magic from potions.
Whenever you drink a healing potion, you attack all around you.


Message History

No target in view!
No target in view!
No target in view!
No target in view!
No target in view!
Found a book of the Hunter.
A goblin comes into view. It is wielding a +0 dagger.
A goblin is nearby!
The goblin shouts!
An ogre comes into view. It is wielding a +0 giant spiked club.
Found a stone staircase leading down.
The ogre shouts!
You hear a shout!
You hit the goblin.
The goblin is severely wounded.
The goblin barely misses you.
You hit the goblin.
You kill the goblin!
Trog accepts your kill.
You hit the ogre but do no damage.
The ogre hits you with a +0 giant spiked club!
You barely miss the ogre. You headbutt the ogre!
The ogre is moderately wounded.
The ogre hits you with a +0 giant spiked club!
You are too injured to fight recklessly!
You are too injured to fight recklessly!
You are too injured to fight recklessly!
You are too injured to fight recklessly!
An ogre is nearby!
An ogre is nearby!
You are too injured to fight recklessly!
You hit the ogre but do no damage.
The ogre is moderately wounded.
You hit the ogre.
The ogre is moderately wounded.
The ogre hits you with a +0 giant spiked club!!
* * * LOW HITPOINT WARNING * * *
You hit the ogre. You headbutt the ogre.
The ogre is heavily wounded.
The ogre hits you with a +0 giant spiked club!
You die...

............
.....#.....# ........
.....#......#.>......
....................
....#...#..... ....
....#...#....# ...###
..........#.## #....#
#............###O...#
...##.........#.@..#
...#.............###
...##...##.##...##
.#####..##:....## ##
#...........#
#........#.##
##..#...####
##.#....# ##....##


You could see an ogre.

Vanquished Creatures
  An iguana (D:4)
  A sleepcap (D:4)
  4 gnolls
  4 adders
  A dart slug (D:1)
  A ribbon worm (D:4)
  2 orcs (D:4)
  5 endoplasms
  4 giant cockroaches
  7 goblins
  7 hobgoblins
  A quokka (D:4)
  6 ball pythons
  3 bats
  3 frilled lizards
  5 kobolds
  2 rats
57 creatures vanquished.

Notes
Turn   | Place    | Note
-------+----------+-------------------------------------------
     0 | D:1      | Gadfly the Oni Berserker began the quest for the Orb.
     0 | D:1      | Reached XP level 1. HP: 24/24 MP: 1/1
    97 | D:1      | Reached XP level 2. HP: 27/32 MP: 2/2
   741 | D:1      | Reached skill level 1 in Armour
  1241 | D:1      | Reached skill level 1 in Evocations
  1241 | D:1      | Reached XP level 3. HP: 16/39 MP: 3/3
  1418 | D:1      | Reached XP level 4. HP: 7/49 MP: 4/4
  2106 | D:2      | Reached ** piety under Trog
  3204 | D:4      | Reached XP level 5. HP: 55/55 MP: 5/5
  3333 | D:4      | Identified the +1 dagger "Livu" {elec, rF+ rN+ Dex+3}
  3343 | D:4      | HP: 1/55 [sleepcap (3)]
  3523 | D:4      | Noticed an ogre
  3530 | D:4      | HP: 1/55 [ogre/+0 giant spiked club (26)]
  3531 | D:4      | Mangled by an ogre

Illustrated notes

Levels and vault maps discovered:
D:1:      saegor_arrival_simple_a, layout_loops_ring, serial_bayou,
          serial_bayou_ford_a, serial_bayou_pond_c, serial_bayou_crossing,
          serial_bayou_pond_d, serial_bayou_pond_d, serial_bayou_lagoon_a
D:2:      layout_rooms
D:3:      layout_loops_ring
D:4:      layout_cave_pools

Skill      XL: |  1  2  3  4  5 |
---------------+----------------+-----
Armour         | 1 2 |  2.2
Evocations     | 1 2 |  2.0
Maces & Flails | 4 |  4.2
Fighting       | |  4.7
Dodging        | |  2.6

Action                     |  1- 3 |  4- 6 || total
---------------------------+-------+-------++-------
  Melee: Mace              |    78 |    86 ||   164
         Headbutt          |     5 |    12 ||    17
         Punch             |       |     2 ||     2
         Dagger            |       |    17 ||    17
 Invoke: Berserk           |     2 |       ||     2
    Use: Scroll            |     2 |     9 ||    11
         Potion            |       |     1 ||     1
   Stab: Sleeping          |       |     1 ||     1
 Armour: Animal skin       |    67 |    85 ||   152
  Dodge: Dodged            |    65 |    64 ||   129
